Rangers vs Lightning
Created - January 11, 2019 at 19:26
Goals
|
| Rangers |
1 |
0 |
1 |
1 |
3 |
| Lightning |
0 |
1 |
1 |
0 |
2 |
|
Shots
|
| Rangers |
13 |
6 |
11 |
3 |
33 |
| Lightning |
9 |
8 |
10 |
6 |
33 |
|
1st period
1. Rangers , Alex Tanguay 11 (Cam Barker 20, Mark Fistric 16) at 18:25
Penalties :
Colten Teubert (NYR) for Tripping (Minor) at 7:57, Matt Greene (NYR) for Tripping (Minor) at 13:07
2nd period
2. Lightning , Pierre-Luc Létourneau 3 (Sheldon Keefe 5, John Carlson 28) at 19:58
Penalties :
Kris Versteeg (TB.) for Tripping (Minor) at 1:37, Gustav Nyquist (NYR) for Holding (Minor) at 2:07, Henrik Zetterberg (TB.) for Delaying the game (Minor) at 6:26, Kris Versteeg (TB.) for Holding (Minor) at 10:19, Robert Nilsson (TB.) for Elbowing (Minor) at 15:46
3rd period
3. Lightning , Henrik Zetterberg 15 (Danny Richmond 7, Robert Nilsson 30) at 9:45
4. Rangers , Alex Tanguay 12 (Stephen Weiss 15, Sean Couturier 20) at 14:36
Penalties :
No Penalty
Overtime #1
5. Rangers , James Neal 12 (Matt Greene 8, Patrice Bergeron 26) at 4:07
Penalties :
No Penalty
Goalie Stats
Frederik Andersen (NYR), 31 saves from 33 shots - (0.939), W, 17-10-2, 64:07 minutes
Jaroslav Halak (TB.), 30 saves from 33 shots - (0.909), OTL, 16-11-4, 64:07 minutes
Players Stats for Rangers
Player Name G A P +/- PIM S H SB GA TA FO MP PP MP PK MP
------------------------------------------------------------------------------------
Alex Tanguay 2 0 2 2 0 5 1 0 0 0 0/1 16:20 0:07 1:48
Alexei Emelin 0 0 0 0 0 0 1 2 0 0 0/0 12:28 0:00 0:00
Artem Anisimov 0 0 0 0 0 1 0 0 0 0 3/5 8:50 0:00 0:00
Cam Barker 0 1 1 0 0 0 0 2 0 0 0/0 29:02 3:55 2:26
Chris Bourque 0 0 0 0 0 2 1 0 0 0 0/0 10:04 0:04 0:07
Colten Teubert 0 0 0 0 2 2 0 1 0 0 0/0 14:06 0:00 0:52
Gustav Nyquist 0 0 0 -1 2 3 2 0 0 0 0/1 16:52 2:49 0:33
Jakob Silfverberg 0 0 0 -1 0 4 3 0 1 0 0/3 20:46 3:34 2:33
James Neal 1 0 1 0 0 4 2 0 3 1 0/0 17:05 2:50 0:00
Magnus Paajarvi-Svensson 0 0 0 0 0 2 2 0 2 0 0/0 8:50 0:00 0:00
Mark Fistric 0 1 1 0 0 2 2 1 1 0 0/0 24:47 0:00 2:26
Matt Greene 0 1 1 1 2 2 1 0 0 2 0/0 18:28 0:00 1:10
Matt Read 0 0 0 2 0 1 1 1 2 1 0/0 15:48 3:55 0:00
Milan Lucic 0 0 0 -1 0 1 3 1 1 0 6/10 23:45 3:33 2:21
Patrice Bergeron 0 1 1 0 0 2 2 0 1 0 11/26 21:24 3:33 1:19
Ryan Suter 0 0 0 1 0 0 0 2 2 0 0/0 22:37 2:32 2:02
Sean Couturier 0 1 1 -1 0 0 1 0 0 0 4/5 15:11 2:32 0:15
Stephen Weiss 0 1 1 2 0 2 1 0 0 0 2/5 14:05 2:50 0:00
Players Stats for Lightning
Player Name G A P +/- PIM S H SB GA TA FO MP PP MP PK MP
------------------------------------------------------------------------------------
Andy Rogers 0 0 0 0 0 3 1 0 0 1 0/0 22:16 1:29 4:06
Daniel Carcillo 0 0 0 -2 0 3 0 1 0 0 0/0 14:42 2:09 0:48
Danny Richmond 0 1 1 0 0 0 2 3 0 1 0/0 18:36 0:10 2:21
Gabriel Landeskog 0 0 0 0 0 0 1 1 0 0 0/0 15:33 0:00 2:13
Henrik Zetterberg 1 0 1 1 2 7 1 0 0 1 1/2 19:01 2:19 0:00
Jan Bulis 0 0 0 -2 0 0 1 1 0 0 4/6 12:29 0:00 1:06
Jeff Schultz 0 0 0 -1 0 2 1 4 0 4 0/0 26:47 1:19 4:06
John Carlson 0 1 1 -1 0 5 2 1 0 0 0/0 27:21 2:59 2:21
Jordan Nolan 0 0 0 0 0 2 2 1 0 1 5/8 18:58 2:03 2:46
Justin Schultz 0 0 0 0 0 3 0 1 1 0 0/0 18:44 2:59 0:00
Kris Versteeg 0 0 0 0 4 0 2 2 0 1 1/1 20:13 2:19 0:00
Kurt Sauer 0 0 0 0 0 0 0 1 0 1 0/0 14:30 0:00 0:00
Mikael Backlund 0 0 0 1 0 2 0 0 0 0 1/3 7:17 0:00 0:01
Pierre-Luc Létourneau 1 0 1 1 0 1 0 0 0 1 0/0 8:49 0:00 0:00
Reilly Smith 0 0 0 0 0 2 1 0 0 0 1/1 14:35 0:06 0:00
Robert Nilsson 0 1 1 0 2 1 2 0 1 1 16/34 23:44 2:19 2:34
Sheldon Keefe 0 1 1 1 0 1 2 0 2 1 0/0 11:17 0:00 3:26
Steve Bernier 0 0 0 -2 0 1 1 0 0 0 1/1 13:36 2:09 0:00
3 Stars
1 - Alex Tanguay (NYR)
2 - Frederik Andersen (NYR)
3 - James Neal (NYR)
Power Play
Rangers - 0 on 4 Attempt(s) - 0.00%
Lightning - 0 on 3 Attempt(s) - 0.00%
Penalty Kill
Rangers - 3 on 3 Attempt(s) - 100.00%
- Score 0 goal in Penalty Kill
Lightning - 4 on 4 Attempt(s) - 100.00%
- Score 0 goal in Penalty Kill
Team Stat
Rangers - Hits : 23 - Faceoff Wins : 26 - Blocked Shots : 10 - Penalty Minutes : 6
Lightning - Hits : 19 - Faceoff Wins : 30 - Blocked Shots : 16 - Penalty Minutes : 8
Official
Referees : Unknown
Linesman : Unknown
Game Notes
No Game Note
Finance
Level 1 -- Attendance: 4092 (68.20%) -- Ticket Income $470,580
Level 2 -- Attendance: 3809 (76.18%) -- Ticket Income $243,776
Level 3 -- Attendance: 1254 (62.70%) -- Ticket Income $55,176
Level 4 -- Attendance: 2097 (52.43%) -- Ticket Income $83,880
Luxury Box -- Attendance: 615 (61.50%) -- Ticket Income $132,225
Game was played at the Tampa Bay Stadium.
Total Attendance: 11867 (65.93%)
Total Ticket Income: $985,637
Other Income: $147,846
Total Income: $1,133,483
Rangers
5 vs 5 Forward
Center Left Wing Right Wing Time % Phy DF OF
1 Patrice Bergeron Milan Lucic Jakob Silfverberg 40 1 2 2
2 Sean Couturier Gustav Nyquist James Neal 30 1 2 2
3 Stephen Weiss Alex Tanguay Matt Read 20 1 2 2
4 Artem Anisimov Magnus Paajarvi-Svensson Chris Bourque 10 1 2 2
5 vs 5 Defense
Defense Defense Time % Phy DF OF
1 Cam Barker Mark Fistric 40 1 2 2
2 Ryan Suter Matt Greene 30 1 2 2
3 Alexei Emelin Colten Teubert 20 1 2 2
4 Cam Barker Mark Fistric 10 1 2 2
PowerPlay Forward
Center Left Wing Right Wing Time % Phy DF OF
1 Patrice Bergeron Milan Lucic Jakob Silfverberg 60 1 2 2
2 Stephen Weiss Gustav Nyquist James Neal 40 1 2 2
PowerPlay Defense
Defense Defense Time % Phy DF OF
1 Cam Barker Matt Read 60 1 2 2
2 Ryan Suter Sean Couturier 40 1 2 2
Penalty Kill 4 Players Forward
Center Wing Time % Phy DF OF
1 Milan Lucic Jakob Silfverberg 60 1 2 2
2 Patrice Bergeron Alex Tanguay 40 1 2 2
Penalty Kill 4 Players Defense
Defense Defense Time % Phy DF OF
1 Cam Barker Mark Fistric 60 1 2 2
2 Ryan Suter Matt Greene 40 1 2 2
Penalty Kill - 3 Players Forward
Forward Time % Phy DF OF
1 Milan Lucic 60 1 2 2
2 Alex Tanguay 40 1 2 2
Penalty Kill - 3 Players Defense
Defense Defense Time % Phy DF OF
1 Cam Barker Mark Fistric 60 1 2 2
2 Ryan Suter Matt Greene 40 1 2 2
4 vs 4 Forward
Center Wing Time % Phy DF OF
1 Milan Lucic Alex Tanguay 60 1 2 2
2 Patrice Bergeron James Neal 40 1 2 2
4 vs 4 Defense
Defense Defense Time % Phy DF OF
1 Cam Barker Mark Fistric 60 1 2 2
2 Ryan Suter Matt Greene 40 1 2 2
Last Minutes Offensive
Center Left Wing Right Wing Defense Defense
Patrice Bergeron Milan Lucic Jakob Silfverberg Cam Barker Mark Fistric
Last Minutes Defensive
Center Left Wing Right Wing Defense Defense
Patrice Bergeron Milan Lucic Jakob Silfverberg Cam Barker Mark Fistric
Goaltenders
Starting : Frederik Andersen
Backup : Braden Holtby
Extra Forwards
Normal : Alex Tanguay, Matt Read, Gustav Nyquist - PP : Alex Tanguay, Matt Read - PK : Gustav Nyquist
Extra Defensemen
Normal : Alexei Emelin, Colten Teubert, Ryan Suter - PP : Alexei Emelin - PK : Colten Teubert, Ryan Suter
Penalty Shots
Milan Lucic, Jakob Silfverberg, Patrice Bergeron, James Neal, Stephen Weiss
Scratches
None
Lightning
5 vs 5 Forward
Center Left Wing Right Wing Time % Phy DF OF
1 Robert Nilsson Henrik Zetterberg Kris Versteeg 40 1 2 2
2 Jordan Nolan Gabriel Landeskog Reilly Smith 30 1 2 2
3 Jan Bulis Daniel Carcillo Steve Bernier 20 1 2 2
4 Mikael Backlund Pierre-Luc Létourneau Sheldon Keefe 10 1 2 2
5 vs 5 Defense
Defense Defense Time % Phy DF OF
1 Jeff Schultz John Carlson 40 1 2 2
2 Andy Rogers Danny Richmond 30 1 2 2
3 Justin Schultz Kurt Sauer 20 1 2 2
4 John Carlson Jeff Schultz 10 1 2 2
PowerPlay Forward
Center Left Wing Right Wing Time % Phy DF OF
1 Robert Nilsson Henrik Zetterberg Kris Versteeg 60 1 2 2
2 Jordan Nolan Daniel Carcillo Steve Bernier 40 1 2 2
PowerPlay Defense
Defense Defense Time % Phy DF OF
1 Justin Schultz John Carlson 60 1 2 2
2 Andy Rogers Jeff Schultz 40 1 2 2
Penalty Kill 4 Players Forward
Center Wing Time % Phy DF OF
1 Robert Nilsson Sheldon Keefe 60 1 2 2
2 Jordan Nolan Daniel Carcillo 40 1 2 2
Penalty Kill 4 Players Defense
Defense Defense Time % Phy DF OF
1 Jeff Schultz Andy Rogers 60 1 2 2
2 John Carlson Danny Richmond 40 1 2 2
Penalty Kill - 3 Players Forward
Forward Time % Phy DF OF
1 Robert Nilsson 60 1 2 2
2 Kris Versteeg 40 1 2 2
Penalty Kill - 3 Players Defense
Defense Defense Time % Phy DF OF
1 Jeff Schultz John Carlson 60 1 2 2
2 Andy Rogers Danny Richmond 40 1 2 2
4 vs 4 Forward
Center Wing Time % Phy DF OF
1 Robert Nilsson Kris Versteeg 60 1 2 2
2 Jordan Nolan Henrik Zetterberg 40 1 2 2
4 vs 4 Defense
Defense Defense Time % Phy DF OF
1 Jeff Schultz John Carlson 60 1 2 2
2 Andy Rogers Danny Richmond 40 1 2 2
Last Minutes Offensive
Center Left Wing Right Wing Defense Defense
Robert Nilsson Henrik Zetterberg Kris Versteeg Jeff Schultz John Carlson
Last Minutes Defensive
Center Left Wing Right Wing Defense Defense
Robert Nilsson Henrik Zetterberg Kris Versteeg Jeff Schultz John Carlson
Goaltenders
Starting : Jaroslav Halak
Backup : Adam Munro
Extra Forwards
Normal : Reilly Smith, Pierre-Luc Létourneau, Sheldon Keefe - PP : Reilly Smith, Pierre-Luc Létourneau - PK : Sheldon Keefe
Extra Defensemen
Normal : Justin Schultz, Kurt Sauer, John Carlson - PP : Justin Schultz - PK : Kurt Sauer, Justin Schultz
Penalty Shots
Robert Nilsson, Kris Versteeg, Henrik Zetterberg, Jordan Nolan, Daniel Carcillo
Scratches
None
% Time on Ice - Rangers
Lines # - Real PCT - Wanted PCT - Time Play
Normal Forward
1 - 33% - 40% - 15:47
2 - 26% - 30% - 12:11
3 - 23% - 20% - 10:48
4 - 19% - 10% - 8:50
Normal Defense
1 - 37% - 40% - 17:32
2 - 34% - 30% - 16:19
3 - 26% - 20% - 12:28
4 - 3% - 10% - 1:17
PP Forward
1 - 56% - 60% - 3:37
2 - 44% - 40% - 2:50
PP Defense
1 - 61% - 60% - 3:55
2 - 39% - 40% - 2:32
PK Forward
1 - 71% - 60% - 3:09
2 - 29% - 40% - 1:19
PK Defense
1 - 54% - 60% - 2:26
2 - 46% - 40% - 2:02
PK3 Forward
1 - 0% - 60%
2 - 0% - 40%
PK3 Defense
1 - 0% - 60%
2 - 0% - 40%
44 Forward
1 - 63% - 60% - 3:32
2 - 37% - 40% - 2:04
44 Defense
1 - 69% - 60% - 3:52
2 - 31% - 40% - 1:44
Last Minute Offensive - 0:00
Last Minute Defensive - 0:00
Total
Forward - 64:07
Defense - 64:07
|
% Time on Ice - Lightning
Lines # - Real PCT - Wanted PCT - Time Play
Normal Forward
1 - 34% - 40% - 16:07
2 - 28% - 30% - 13:08
3 - 24% - 20% - 11:23
4 - 15% - 10% - 6:58
Normal Defense
1 - 39% - 40% - 18:29
2 - 29% - 30% - 13:42
3 - 30% - 20% - 14:30
4 - 2% - 10% - 0:55
PP Forward
1 - 52% - 60% - 2:19
2 - 48% - 40% - 2:09
PP Defense
1 - 67% - 60% - 2:59
2 - 33% - 40% - 1:29
PK Forward
1 - 90% - 60% - 5:49
2 - 10% - 40% - 0:38
PK Defense
1 - 64% - 60% - 4:06
2 - 36% - 40% - 2:21
PK3 Forward
1 - 0% - 60%
2 - 0% - 40%
PK3 Defense
1 - 0% - 60%
2 - 0% - 40%
44 Forward
1 - 84% - 60% - 4:41
2 - 16% - 40% - 0:55
44 Defense
1 - 57% - 60% - 3:13
2 - 43% - 40% - 2:23
Last Minute Offensive - 0:00
Last Minute Defensive - 0:00
Total
Forward - 64:07
Defense - 64:07
|
Play-by-Play
1st period
0:01 of 1st period - Robert Nilsson wins face-off versus Patrice Bergeron in neutral zone.
0:27 of 1st period - Cam Barker is hit by Reilly Smith and loses puck.
1:28 of 1st period - Wrist shot by Jordan Nolan.
1:28 of 1st period - Shot Misses the Net.
1:34 of 1st period - Wrist shot by Patrice Bergeron.
1:34 of 1st period - Shot Misses the Net.
1:36 of 1st period - Slapshot by Matt Greene.
1:36 of 1st period - Shot Misses the Net.
1:38 of 1st period - Slapshot by Matt Greene.
1:38 of 1st period - Stopped by Jaroslav Halak with a rebound.
1:40 of 1st period - Snap shot by Matt Greene.
1:40 of 1st period - Stopped by Jaroslav Halak without a rebound.
1:41 of 1st period - Robert Nilsson wins face-off versus Sean Couturier in Lightning zone.
1:41 of 1st period - Robert Nilsson is hit by James Neal.
1:49 of 1st period - Jeff Schultz is hit by Alexei Emelin and loses puck.
1:58 of 1st period - Wrist shot by Robert Nilsson.
1:58 of 1st period - Shot Misses the Net.
2:08 of 1st period - Daniel Carcillo is hit by Jakob Silfverberg and loses puck.
2:15 of 1st period - Snap shot by Jakob Silfverberg.
2:15 of 1st period - Stopped by Jaroslav Halak with a rebound.
2:17 of 1st period - Wrist shot by Jakob Silfverberg.
2:17 of 1st period - Shot Misses the Net.
2:19 of 1st period - Wrist shot by Patrice Bergeron.
2:19 of 1st period - Shot Blocked by Jeff Schultz.
2:33 of 1st period - Snap shot by Steve Bernier.
2:33 of 1st period - Stopped by Frederik Andersen with a rebound.
3:13 of 1st period - Wrist shot by Henrik Zetterberg.
3:13 of 1st period - Shot Blocked by Cam Barker.
3:23 of 1st period - Wrist shot by Gustav Nyquist.
3:23 of 1st period - Shot Misses the Net.
3:32 of 1st period - Off-side.
3:33 of 1st period - Jan Bulis wins face-off versus Patrice Bergeron in neutral zone.
4:48 of 1st period - Wrist shot by Alex Tanguay.
4:48 of 1st period - Stopped by Jaroslav Halak without a rebound.
4:49 of 1st period - Patrice Bergeron wins face-off versus Robert Nilsson in Lightning zone.
5:02 of 1st period - Jakob Silfverberg is hit by Robert Nilsson and loses puck.
5:28 of 1st period - Wrist shot by John Carlson.
5:28 of 1st period - Shot Blocked by Milan Lucic.
5:42 of 1st period - Gabriel Landeskog is hit by Mark Fistric and loses puck.
7:06 of 1st period - Off-side.
7:07 of 1st period - Jordan Nolan wins face-off versus Artem Anisimov in neutral zone.
7:38 of 1st period - Wrist shot by Reilly Smith.
7:38 of 1st period - Stopped by Frederik Andersen with a rebound.
7:40 of 1st period - Snap shot by Kurt Sauer.
7:40 of 1st period - Shot Misses the Net.
7:48 of 1st period - Snap shot by Jordan Nolan.
7:48 of 1st period - Shot Misses the Net.
7:50 of 1st period - Slapshot by Kurt Sauer.
7:50 of 1st period - Shot Blocked by Alexei Emelin.
7:57 of 1st period - Minor Penalty to Colten Teubert for Tripping.
7:58 of 1st period - Henrik Zetterberg wins face-off versus Milan Lucic in Rangers zone.
9:57 of 1st period - Penalty to Colten Teubert is over, Colten Teubert is back on ice.
10:01 of 1st period - Wrist shot by Chris Bourque.
10:01 of 1st period - Shot Misses the Net.
10:03 of 1st period - Wrist shot by Gustav Nyquist.
10:03 of 1st period - Shot Misses the Net.
10:33 of 1st period - Snap shot by Gustav Nyquist.
10:33 of 1st period - Stopped by Jaroslav Halak with a rebound.
10:35 of 1st period - Slapshot by Colten Teubert.
10:35 of 1st period - Shot Blocked by Kris Versteeg.
10:37 of 1st period - Wrist shot by Chris Bourque.
10:37 of 1st period - Shot Misses the Net.
10:39 of 1st period - Slapshot by Matt Greene.
10:39 of 1st period - Deflect By Chris Bourque.
10:39 of 1st period - Shot Misses the Net.
10:39 of 1st period - Puck is out of play.
10:40 of 1st period - Patrice Bergeron wins face-off versus Mikael Backlund in Lightning zone.
10:41 of 1st period - Snap shot by Milan Lucic.
10:41 of 1st period - Shot Blocked by Danny Richmond.
11:07 of 1st period - Andy Rogers is hit by Alex Tanguay and loses puck.
11:33 of 1st period - Snap shot by Jordan Nolan.
11:33 of 1st period - Shot Misses the Net.
11:35 of 1st period - Wrist shot by Danny Richmond.
11:35 of 1st period - Deflect By Reilly Smith.
11:35 of 1st period - Shot Blocked by Alexei Emelin.
11:35 of 1st period - Puck is out of play.
11:36 of 1st period - Patrice Bergeron wins face-off versus Jordan Nolan in Rangers zone.
11:56 of 1st period - Jordan Nolan is hit by Patrice Bergeron and loses puck.
12:13 of 1st period - Wrist shot by Daniel Carcillo.
12:13 of 1st period - Stopped by Frederik Andersen with a rebound.
12:15 of 1st period - Slapshot by Jeff Schultz.
12:15 of 1st period - Deflect By Daniel Carcillo.
12:15 of 1st period - Stopped by Frederik Andersen without a rebound.
12:16 of 1st period - Sean Couturier wins face-off versus Jan Bulis in Rangers zone.
12:23 of 1st period - Slapshot by James Neal.
12:23 of 1st period - Shot Misses the Net.
13:05 of 1st period - Wrist shot by Mikael Backlund.
13:05 of 1st period - Shot Misses the Net.
13:07 of 1st period - Minor Penalty to Matt Greene for Tripping.
13:08 of 1st period - Robert Nilsson wins face-off versus Milan Lucic in Rangers zone.
13:25 of 1st period - Snap shot by Robert Nilsson.
13:25 of 1st period - Stopped by Frederik Andersen with a rebound.
13:41 of 1st period - Snap shot by Daniel Carcillo.
13:41 of 1st period - Shot Misses the Net.
13:43 of 1st period - Slapshot by John Carlson.
13:43 of 1st period - Stopped by Frederik Andersen without a rebound.
13:44 of 1st period - Robert Nilsson wins face-off versus Patrice Bergeron in Rangers zone.
13:55 of 1st period - Slapshot by Kris Versteeg.
13:55 of 1st period - Shot Misses the Net.
13:57 of 1st period - Wrist shot by Robert Nilsson.
13:57 of 1st period - Shot Misses the Net.
13:59 of 1st period - Slapshot by Andy Rogers.
13:59 of 1st period - Stopped by Frederik Andersen with a rebound.
14:36 of 1st period - Steve Bernier is hit by Milan Lucic.
15:07 of 1st period - Penalty to Matt Greene is over, Matt Greene is back on ice.
15:10 of 1st period - Wrist shot by James Neal.
15:10 of 1st period - Stopped by Jaroslav Halak without a rebound.
15:11 of 1st period - Sean Couturier wins face-off versus Mikael Backlund in Lightning zone.
15:18 of 1st period - Slapshot by Cam Barker.
15:18 of 1st period - Shot Blocked by Danny Richmond.
15:38 of 1st period - Cam Barker is hit by Robert Nilsson and loses puck.
15:57 of 1st period - John Carlson is hit by Magnus Paajarvi-Svensson and loses puck.
16:06 of 1st period - Slapshot by Matt Greene.
16:06 of 1st period - Shot Blocked by Jeff Schultz.
16:23 of 1st period - Snap shot by Justin Schultz.
16:23 of 1st period - Shot Misses the Net.
17:24 of 1st period - Snap shot by Magnus Paajarvi-Svensson.
17:24 of 1st period - Stopped by Jaroslav Halak with a rebound.
17:26 of 1st period - Slapshot by Magnus Paajarvi-Svensson.
17:26 of 1st period - Stopped by Jaroslav Halak with a rebound.
17:28 of 1st period - Slapshot by Colten Teubert.
17:28 of 1st period - Stopped by Jaroslav Halak with a rebound.
17:30 of 1st period - Slapshot by Colten Teubert.
17:30 of 1st period - Shot Blocked by Danny Richmond.
18:19 of 1st period - Wrist shot by James Neal.
18:19 of 1st period - Stopped by Jaroslav Halak with a rebound.
18:21 of 1st period - Snap shot by Mark Fistric.
18:21 of 1st period - Stopped by Jaroslav Halak with a rebound.
18:23 of 1st period - Wrist shot by Mark Fistric.
18:23 of 1st period - Shot Misses the Net.
18:25 of 1st period - Slapshot by Cam Barker.
18:25 of 1st period - Deflect By Alex Tanguay.
18:25 of 1st period - Goal by Alex Tanguay - Rangers : 1 - Lightning : 0.
18:26 of 1st period - Patrice Bergeron wins face-off versus Robert Nilsson in neutral zone.
19:02 of 1st period - Gabriel Landeskog is hit by Matt Greene and loses puck.
19:10 of 1st period - Icing by Gabriel Landeskog.
19:11 of 1st period - Jan Bulis wins face-off versus Stephen Weiss in Lightning zone.
19:18 of 1st period - Snap shot by Daniel Carcillo.
19:18 of 1st period - Stopped by Frederik Andersen with a rebound.
19:20 of 1st period - Slapshot by Jeff Schultz.
19:20 of 1st period - Stopped by Frederik Andersen with a rebound.
19:22 of 1st period - Snap shot by Steve Bernier.
19:22 of 1st period - Shot Misses the Net.
19:24 of 1st period - Slapshot by Jeff Schultz.
19:24 of 1st period - Shot Blocked by Matt Read.
19:26 of 1st period - Slapshot by John Carlson.
19:26 of 1st period - Shot Blocked by Mark Fistric.
19:38 of 1st period - Snap shot by Jakob Silfverberg.
19:38 of 1st period - Stopped by Jaroslav Halak without a rebound.
19:39 of 1st period - Robert Nilsson wins face-off versus Patrice Bergeron in Lightning zone.
19:52 of 1st period - Wrist shot by Robert Nilsson.
19:52 of 1st period - Shot Misses the Net.
Goals for this period are 1 for Rangers vs 0 for Lightning .
Shots for this period are 13 for Rangers vs 9 for Lightning .
2nd period
0:01 of 2nd period - Sean Couturier wins face-off versus Robert Nilsson in neutral zone.
0:26 of 2nd period - Mark Fistric is hit by Jordan Nolan and loses puck.
0:31 of 2nd period - Snap shot by Jordan Nolan.
0:31 of 2nd period - Shot Misses the Net.
1:15 of 2nd period - Slapshot by Justin Schultz.
1:15 of 2nd period - Stopped by Frederik Andersen without a rebound.
1:16 of 2nd period - Sean Couturier wins face-off versus Robert Nilsson in Rangers zone.
1:21 of 2nd period - Backhand shot by Gustav Nyquist.
1:21 of 2nd period - Shot Blocked by Kris Versteeg.
1:23 of 2nd period - Wrist shot by Gustav Nyquist.
1:23 of 2nd period - Stopped by Jaroslav Halak with a rebound.
1:25 of 2nd period - Wrist shot by Gustav Nyquist.
1:25 of 2nd period - Stopped by Jaroslav Halak with a rebound.
1:37 of 2nd period - Minor Penalty to Kris Versteeg for Tripping.
1:38 of 2nd period - Robert Nilsson wins face-off versus Patrice Bergeron in Lightning zone.
1:47 of 2nd period - Andy Rogers is hit by Patrice Bergeron.
2:07 of 2nd period - Minor Penalty to Gustav Nyquist for Holding.
2:08 of 2nd period - Milan Lucic wins face-off versus Robert Nilsson in Rangers zone.
2:10 of 2nd period - Icing by Alex Tanguay.
2:11 of 2nd period - Milan Lucic wins face-off versus Robert Nilsson in Rangers zone.
3:28 of 2nd period - Wrist shot by Matt Read.
3:28 of 2nd period - Shot Blocked by Gabriel Landeskog.
3:30 of 2nd period - Slapshot by Matt Greene.
3:30 of 2nd period - Shot Misses the Net.
3:37 of 2nd period - Penalty to Kris Versteeg is over, Kris Versteeg is back on ice.
3:44 of 2nd period - Wrist shot by Jordan Nolan.
3:44 of 2nd period - Shot Misses the Net.
3:46 of 2nd period - Slapshot by Andy Rogers.
3:46 of 2nd period - Deflect By Daniel Carcillo.
3:46 of 2nd period - Shot Misses the Net.
3:46 of 2nd period - Puck is out of play.
3:47 of 2nd period - Steve Bernier wins face-off versus Jakob Silfverberg in Rangers zone.
3:48 of 2nd period - Snap shot by Jordan Nolan.
3:48 of 2nd period - Stopped by Frederik Andersen with a rebound.
3:52 of 2nd period - Snap shot by Jordan Nolan.
3:52 of 2nd period - Stopped by Frederik Andersen with a rebound.
3:54 of 2nd period - Wrist shot by Justin Schultz.
3:54 of 2nd period - Stopped by Frederik Andersen without a rebound.
3:55 of 2nd period - Milan Lucic wins face-off versus Robert Nilsson in Rangers zone.
4:07 of 2nd period - Penalty to Gustav Nyquist is over, Gustav Nyquist is back on ice.
4:08 of 2nd period - Gustav Nyquist is hit by Kris Versteeg and loses puck.
4:21 of 2nd period - Slapshot by Matt Greene.
4:21 of 2nd period - Shot Misses the Net.
6:17 of 2nd period - Slapshot by Matt Read.
6:17 of 2nd period - Deflect By Daniel Carcillo.
6:17 of 2nd period - Shot Misses the Net.
6:17 of 2nd period - Puck is out of play.
6:18 of 2nd period - Artem Anisimov wins face-off versus Henrik Zetterberg in Lightning zone.
6:26 of 2nd period - Minor Penalty to Henrik Zetterberg for Delaying the game.
6:27 of 2nd period - Patrice Bergeron wins face-off versus Robert Nilsson in Lightning zone.
6:27 of 2nd period - Wrist shot by Milan Lucic.
6:27 of 2nd period - Shot Blocked by Jeff Schultz.
6:58 of 2nd period - Cam Barker is hit by Sheldon Keefe.
8:26 of 2nd period - Penalty to Henrik Zetterberg is over, Henrik Zetterberg is back on ice.
8:40 of 2nd period - Snap shot by Henrik Zetterberg.
8:40 of 2nd period - Shot Misses the Net.
8:42 of 2nd period - Slapshot by Sheldon Keefe.
8:42 of 2nd period - Deflect By Jordan Nolan.
8:42 of 2nd period - Shot Misses the Net.
8:42 of 2nd period - Puck is out of play.
8:43 of 2nd period - Artem Anisimov wins face-off versus Jan Bulis in Rangers zone.
8:50 of 2nd period - Slapshot by Magnus Paajarvi-Svensson.
8:50 of 2nd period - Shot Blocked by Kurt Sauer.
9:06 of 2nd period - Snap shot by Henrik Zetterberg.
9:06 of 2nd period - Stopped by Frederik Andersen without a rebound.
9:07 of 2nd period - Stephen Weiss wins face-off versus Robert Nilsson in Rangers zone.
9:12 of 2nd period - Robert Nilsson is hit by Stephen Weiss and loses puck.
9:31 of 2nd period - Kurt Sauer is hit by Milan Lucic and loses puck.
9:56 of 2nd period - Slapshot by James Neal.
9:56 of 2nd period - Stopped by Jaroslav Halak with a rebound.
9:58 of 2nd period - Snap shot by James Neal.
9:58 of 2nd period - Shot Blocked by Justin Schultz.
10:00 of 2nd period - Slapshot by Alexei Emelin.
10:00 of 2nd period - Shot Misses the Net.
10:02 of 2nd period - Slapshot by Colten Teubert.
10:02 of 2nd period - Stopped by Jaroslav Halak without a rebound.
10:03 of 2nd period - Robert Nilsson wins face-off versus Patrice Bergeron in Lightning zone.
10:19 of 2nd period - Minor Penalty to Kris Versteeg for Holding.
10:20 of 2nd period - Robert Nilsson wins face-off versus Patrice Bergeron in Lightning zone.
10:20 of 2nd period - Robert Nilsson is hit by Jakob Silfverberg.
10:37 of 2nd period - Snap shot by Jakob Silfverberg.
10:37 of 2nd period - Stopped by Jaroslav Halak with a rebound.
12:19 of 2nd period - Penalty to Kris Versteeg is over, Kris Versteeg is back on ice.
12:26 of 2nd period - Jan Bulis is hit by James Neal and loses puck.
12:37 of 2nd period - Henrik Zetterberg is hit by Chris Bourque and loses puck.
13:28 of 2nd period - Cam Barker is hit by Jordan Nolan.
14:00 of 2nd period - Magnus Paajarvi-Svensson is hit by Jan Bulis and loses puck.
14:19 of 2nd period - Matt Read is hit by Henrik Zetterberg and loses puck.
14:52 of 2nd period - Justin Schultz is hit by Magnus Paajarvi-Svensson and loses puck.
15:18 of 2nd period - Icing by Kris Versteeg.
15:19 of 2nd period - Robert Nilsson wins face-off versus Stephen Weiss in Lightning zone.
15:24 of 2nd period - Slapshot by John Carlson.
15:24 of 2nd period - Stopped by Frederik Andersen without a rebound.
15:25 of 2nd period - Patrice Bergeron wins face-off versus Jordan Nolan in Rangers zone.
15:41 of 2nd period - Icing by Milan Lucic.
15:42 of 2nd period - Patrice Bergeron wins face-off versus Robert Nilsson in Rangers zone.
15:46 of 2nd period - Minor Penalty to Robert Nilsson for Elbowing.
15:47 of 2nd period - Jordan Nolan wins face-off versus Patrice Bergeron in Lightning zone.
16:55 of 2nd period - Wrist shot by Stephen Weiss.
16:55 of 2nd period - Stopped by Jaroslav Halak with a rebound.
17:29 of 2nd period - Matt Read is hit by Sheldon Keefe and loses puck.
17:46 of 2nd period - Penalty to Robert Nilsson is over, Robert Nilsson is back on ice.
17:50 of 2nd period - Sean Couturier is hit by Jeff Schultz and loses puck.
18:08 of 2nd period - Off-side.
18:09 of 2nd period - Robert Nilsson wins face-off versus Artem Anisimov in neutral zone.
18:20 of 2nd period - Snap shot by Henrik Zetterberg.
18:20 of 2nd period - Shot Blocked by Colten Teubert.
19:54 of 2nd period - Wrist shot by Pierre-Luc Létourneau.
19:54 of 2nd period - Shot Misses the Net.
19:56 of 2nd period - Slapshot by Sheldon Keefe.
19:56 of 2nd period - Stopped by Frederik Andersen with a rebound.
19:58 of 2nd period - Slapshot by Pierre-Luc Létourneau.
19:58 of 2nd period - Goal by Pierre-Luc Létourneau - Rangers : 1 - Lightning : 1.
19:59 of 2nd period - Robert Nilsson wins face-off versus Jakob Silfverberg in neutral zone.
Goals for this period are 0 for Rangers vs 1 for Lightning .
Shots for this period are 6 for Rangers vs 8 for Lightning .
3rd period
0:01 of 3rd period - Kris Versteeg wins face-off versus Patrice Bergeron in neutral zone.
0:26 of 3rd period - Sean Couturier is hit by John Carlson and loses puck.
1:29 of 3rd period - Mark Fistric is hit by Kris Versteeg and loses puck.
1:37 of 3rd period - Off-side.
1:38 of 3rd period - Patrice Bergeron wins face-off versus Jordan Nolan in neutral zone.
2:05 of 3rd period - Justin Schultz is hit by Gustav Nyquist and loses puck.
3:18 of 3rd period - Snap shot by Milan Lucic.
3:18 of 3rd period - Shot Blocked by John Carlson.
4:28 of 3rd period - Snap shot by Matt Read.
4:28 of 3rd period - Stopped by Jaroslav Halak without a rebound.
4:29 of 3rd period - Stephen Weiss wins face-off versus Robert Nilsson in Lightning zone.
4:36 of 3rd period - Backhand shot by Justin Schultz.
4:36 of 3rd period - Stopped by Frederik Andersen without a rebound.
4:37 of 3rd period - Patrice Bergeron wins face-off versus Robert Nilsson in Rangers zone.
5:15 of 3rd period - Slapshot by Reilly Smith.
5:15 of 3rd period - Shot Misses the Net.
5:25 of 3rd period - Alex Tanguay is hit by Steve Bernier.
5:31 of 3rd period - Snap shot by Matt Read.
5:31 of 3rd period - Shot Misses the Net.
5:33 of 3rd period - Wrist shot by Alex Tanguay.
5:33 of 3rd period - Shot Misses the Net.
5:35 of 3rd period - Backhand shot by Alexei Emelin.
5:35 of 3rd period - Shot Blocked by Daniel Carcillo.
6:01 of 3rd period - Snap shot by Artem Anisimov.
6:01 of 3rd period - Stopped by Jaroslav Halak with a rebound.
6:03 of 3rd period - Slapshot by Ryan Suter.
6:03 of 3rd period - Shot Misses the Net.
6:11 of 3rd period - Snap shot by Artem Anisimov.
6:11 of 3rd period - Shot Misses the Net.
7:01 of 3rd period - Kris Versteeg is hit by Jakob Silfverberg and loses puck.
7:22 of 3rd period - Magnus Paajarvi-Svensson is hit by Gabriel Landeskog and loses puck.
7:45 of 3rd period - Wrist shot by Mikael Backlund.
7:45 of 3rd period - Stopped by Frederik Andersen without a rebound.
7:46 of 3rd period - Mikael Backlund wins face-off versus Gustav Nyquist in Rangers zone.
7:59 of 3rd period - Snap shot by James Neal.
7:59 of 3rd period - Shot Misses the Net.
8:17 of 3rd period - Wrist shot by Jordan Nolan.
8:17 of 3rd period - Shot Misses the Net.
8:41 of 3rd period - Snap shot by Reilly Smith.
8:41 of 3rd period - Deflect By James Neal.
8:41 of 3rd period - Shot Misses the Net.
8:41 of 3rd period - Puck is out of play.
8:42 of 3rd period - Patrice Bergeron wins face-off versus Robert Nilsson in Rangers zone.
9:39 of 3rd period - Wrist shot by Mikael Backlund.
9:39 of 3rd period - Stopped by Frederik Andersen without a rebound.
9:40 of 3rd period - Robert Nilsson wins face-off versus Patrice Bergeron in Rangers zone.
9:41 of 3rd period - Snap shot by Henrik Zetterberg.
9:41 of 3rd period - Shot Misses the Net.
9:43 of 3rd period - Slapshot by Danny Richmond.
9:43 of 3rd period - Shot Misses the Net.
9:45 of 3rd period - Snap shot by Henrik Zetterberg.
9:45 of 3rd period - Goal by Henrik Zetterberg - Rangers : 1 - Lightning : 2.
9:46 of 3rd period - Milan Lucic wins face-off versus Robert Nilsson in neutral zone.
10:12 of 3rd period - Reilly Smith is hit by Mark Fistric and loses puck.
10:56 of 3rd period - Slapshot by Andy Rogers.
10:56 of 3rd period - Stopped by Frederik Andersen with a rebound.
10:58 of 3rd period - Wrist shot by Henrik Zetterberg.
10:58 of 3rd period - Stopped by Frederik Andersen without a rebound.
10:59 of 3rd period - Artem Anisimov wins face-off versus Robert Nilsson in Rangers zone.
11:04 of 3rd period - Slapshot by Robert Nilsson.
11:04 of 3rd period - Shot Misses the Net.
11:06 of 3rd period - Slapshot by John Carlson.
11:06 of 3rd period - Deflect By Henrik Zetterberg.
11:06 of 3rd period - Stopped by Frederik Andersen with a rebound.
11:08 of 3rd period - Wrist shot by Henrik Zetterberg.
11:08 of 3rd period - Stopped by Frederik Andersen with a rebound.
11:12 of 3rd period - Wrist shot by John Carlson.
11:12 of 3rd period - Stopped by Frederik Andersen with a rebound.
11:26 of 3rd period - Snap shot by Milan Lucic.
11:26 of 3rd period - Stopped by Jaroslav Halak without a rebound.
11:27 of 3rd period - Jordan Nolan wins face-off versus Patrice Bergeron in Lightning zone.
11:27 of 3rd period - Jordan Nolan is hit by Milan Lucic.
11:53 of 3rd period - Andy Rogers is hit by Sean Couturier and loses puck.
12:14 of 3rd period - Wrist shot by Matt Read.
12:14 of 3rd period - Shot Blocked by Jan Bulis.
13:23 of 3rd period - Slapshot by James Neal.
13:23 of 3rd period - Shot Misses the Net.
13:35 of 3rd period - Snap shot by Alex Tanguay.
13:35 of 3rd period - Stopped by Jaroslav Halak with a rebound.
13:37 of 3rd period - Slapshot by Stephen Weiss.
13:37 of 3rd period - Stopped by Jaroslav Halak with a rebound.
13:39 of 3rd period - Wrist shot by Alex Tanguay.
13:39 of 3rd period - Shot Misses the Net.
13:41 of 3rd period - Wrist shot by Alex Tanguay.
13:41 of 3rd period - Stopped by Jaroslav Halak without a rebound.
13:42 of 3rd period - Jordan Nolan wins face-off versus Patrice Bergeron in Lightning zone.
14:36 of 3rd period - Wrist shot by Alex Tanguay.
14:36 of 3rd period - Goal by Alex Tanguay - Rangers : 2 - Lightning : 2.
14:37 of 3rd period - Robert Nilsson wins face-off versus Patrice Bergeron in neutral zone.
15:37 of 3rd period - Slapshot by Ryan Suter.
15:37 of 3rd period - Shot Misses the Net.
15:50 of 3rd period - Off-side.
15:51 of 3rd period - Robert Nilsson wins face-off versus Jakob Silfverberg in neutral zone.
15:58 of 3rd period - Wrist shot by Jakob Silfverberg.
15:58 of 3rd period - Stopped by Jaroslav Halak without a rebound.
15:59 of 3rd period - Jan Bulis wins face-off versus Stephen Weiss in Lightning zone.
15:59 of 3rd period - Jan Bulis is hit by Matt Read.
16:29 of 3rd period - Backhand shot by Henrik Zetterberg.
16:29 of 3rd period - Shot Misses the Net.
16:49 of 3rd period - Slapshot by Cam Barker.
16:49 of 3rd period - Shot Blocked by Jordan Nolan.
17:11 of 3rd period - Slapshot by Chris Bourque.
17:11 of 3rd period - Stopped by Jaroslav Halak with a rebound.
17:13 of 3rd period - Snap shot by Chris Bourque.
17:13 of 3rd period - Stopped by Jaroslav Halak with a rebound.
17:15 of 3rd period - Slapshot by Cam Barker.
17:15 of 3rd period - Shot Misses the Net.
17:17 of 3rd period - Slapshot by Mark Fistric.
17:17 of 3rd period - Stopped by Jaroslav Halak with a rebound.
17:55 of 3rd period - Wrist shot by Henrik Zetterberg.
17:55 of 3rd period - Stopped by Frederik Andersen with a rebound.
18:13 of 3rd period - John Carlson is hit by Gustav Nyquist and loses puck.
18:28 of 3rd period - Jakob Silfverberg is hit by Danny Richmond and loses puck.
18:47 of 3rd period - Colten Teubert is hit by Danny Richmond and loses puck.
19:34 of 3rd period - Wrist shot by Pierre-Luc Létourneau.
19:34 of 3rd period - Deflect By Kris Versteeg.
19:34 of 3rd period - Shot Blocked by Ryan Suter.
19:34 of 3rd period - Puck is out of play.
19:35 of 3rd period - Jan Bulis wins face-off versus Alex Tanguay in Rangers zone.
Goals for this period are 1 for Rangers vs 1 for Lightning .
Shots for this period are 11 for Rangers vs 10 for Lightning .
Overtime #1
0:01 of 1st overtime period - Milan Lucic wins face-off versus Robert Nilsson in neutral zone.
0:40 of 1st overtime period - Wrist shot by Henrik Zetterberg.
0:40 of 1st overtime period - Stopped by Frederik Andersen without a rebound.
0:41 of 1st overtime period - Jordan Nolan wins face-off versus Patrice Bergeron in Rangers zone.
0:55 of 1st overtime period - Off-side.
0:56 of 1st overtime period - Robert Nilsson wins face-off versus Milan Lucic in neutral zone.
1:01 of 1st overtime period - Slapshot by Jeff Schultz.
1:01 of 1st overtime period - Shot Blocked by Cam Barker.
2:09 of 1st overtime period - Wrist shot by Reilly Smith.
2:09 of 1st overtime period - Shot Misses the Net.
2:11 of 1st overtime period - Slapshot by John Carlson.
2:11 of 1st overtime period - Stopped by Frederik Andersen with a rebound.
2:13 of 1st overtime period - Slapshot by Jeff Schultz.
2:13 of 1st overtime period - Stopped by Frederik Andersen without a rebound.
2:14 of 1st overtime period - Reilly Smith wins face-off versus Patrice Bergeron in Rangers zone.
2:29 of 1st overtime period - Wrist shot by Reilly Smith.
2:29 of 1st overtime period - Stopped by Frederik Andersen with a rebound.
2:40 of 1st overtime period - Patrice Bergeron is hit by Andy Rogers and loses puck.
2:56 of 1st overtime period - Snap shot by James Neal.
2:56 of 1st overtime period - Shot Misses the Net.
2:58 of 1st overtime period - Slapshot by Mark Fistric.
2:58 of 1st overtime period - Shot Blocked by Jeff Schultz.
3:00 of 1st overtime period - Snap shot by Patrice Bergeron.
3:00 of 1st overtime period - Stopped by Jaroslav Halak with a rebound.
3:02 of 1st overtime period - Wrist shot by Patrice Bergeron.
3:02 of 1st overtime period - Stopped by Jaroslav Halak without a rebound.
3:03 of 1st overtime period - Robert Nilsson wins face-off versus Milan Lucic in Lightning zone.
3:10 of 1st overtime period - Slapshot by Kris Versteeg.
3:10 of 1st overtime period - Shot Blocked by Ryan Suter.
3:12 of 1st overtime period - Snap shot by John Carlson.
3:12 of 1st overtime period - Shot Hit the Post.
3:14 of 1st overtime period - Slapshot by John Carlson.
3:14 of 1st overtime period - Stopped by Frederik Andersen without a rebound.
3:15 of 1st overtime period - Milan Lucic wins face-off versus Robert Nilsson in Rangers zone.
3:44 of 1st overtime period - Mark Fistric is hit by John Carlson and loses puck.
3:59 of 1st overtime period - Slapshot by Andy Rogers.
3:59 of 1st overtime period - Stopped by Frederik Andersen without a rebound.
4:00 of 1st overtime period - Patrice Bergeron wins face-off versus Robert Nilsson in Rangers zone.
4:07 of 1st overtime period - Wrist shot by James Neal.
4:07 of 1st overtime period - Deflect By Robert Nilsson.
4:07 of 1st overtime period - Goal by James Neal - Rangers : 3 - Lightning : 2.
Goals for this period are 1 for Rangers vs 0 for Lightning .
Shots for this period are 3 for Rangers vs 6 for Lightning .
Back to the Top